AoeStats
← Hagerbows

Hideout

509930408Analyzed
1v1 RM · 2d ago on Sep 28, 2026· 48m 51s· 2 players
Game mode
Random Map
Map size
Tiny (2 player)
Population
200
Speed
Normal
Resources
Standard
Victory
Conquest
Starting age
Dark Age
Ending age
Imperial Age
RankedLock teamsTeams togetherTeam positionsShared explorationLock speedFull tech treeHidden civsTurbo modeCheats
Victory
Defeat
🇪🇸 Saracens · Spain
911
+15
🇬🇧 Spanish · United Kingdom
895
-15
wamsmash
6:42 Loom
11:40 Feudal Age
13:00 Double-Bit Axe
16:17 Castle Age
16:19 Town Watch
29:12 Fletching
35:01 Scale Barding Armor
36:09 Bodkin Arrow
37:20 Ballistics
40:59 Bow Saw
40:49 Gold Mining
42:45 Murder Holes
43:17 Bloodlines
43:27 Light Cavalry
48:41 Imperial Age
Hagerbows
10:33 Feudal Age
10:41 Man-at-Arms
11:33 Man-at-Arms
13:31 Forging
17:31 Loom
22:08 Castle Age
22:01 Gold Mining
22:01 Stone Mining
24:43 Wheelbarrow
29:44 Redemption
31:58 Hand Cart
33:21 Town Watch
33:46 Horse Collar
35:30 Scale Barding Armor
35:47 Heavy Plow
41:13 Imperial Age
41:19 Imperial Age
41:19 Husbandry
41:30 Bloodlines
41:42 Chain Barding Armor
42:50 Town Patrol
42:59 Elite Mameluke
47:04 Chemistry
46:30 Ballistics
Connection lost

Rejoining the realm…

Still unreachable

The connection could not be restored.

Session expired

The server has moved on; the page needs a fresh start.